 Dungeon Crawl Stone Soup version 0.26-a0-708-g17f3b19 (webtiles) character file.

Game seed: 17856039294097678091

48690 BarneyGumball the Severer (level 14, 0/116 HPs)
             Began as a Minotaur Berserker on Oct 28, 2020.
             Was a High Priest of Trog.
             Slain by a dream sheep (2 damage)
             ... on level 6 of the Lair of Beasts.
             The game lasted 00:25:48 (13134 turns).

BarneyGumball the Severer (Minotaur Berserker)     Turns: 13134, Time: 00:25:48

Health: 0/116      AC: 14    Str: 25    XL:     14   Next: 13%
Magic:  13/13      EV: 11    Int:  4    God:    Trog [*****.]
Gold:   1019       SH: 15    Dex: 12    Spells: 13/13 levels left

rFire    + . .     SeeInvis .   a - +5 hand axe (vamp)
rCold    + + .     Faith    .   l - +1 kite shield {rN+}
rNeg     + + .     Spirit   .   P - +4 ring mail {rN+}
rPois    +         Reflect  .   x - +0 hat
rElec    +         Harm     .   (no cloak)
rCorr    +         Rampage  .   t - +0 pair of gloves
MR       +....                  N - +0 pair of boots
Stlth    +.........             z - amulet of regeneration
HPRegen  0.69/turn              B - ring of poison resistance
MPRegen  0.13/turn              D - ring of protection from cold

@: mighty, resistant, hasted, studying Slings, very quick
A: retaliatory headbutt, horns 2, frail 1
a: Berserk, Trog's Hand, Brothers in Arms, Renounce Religion


You were on level 6 of the Lair of Beasts.
You worshipped Trog.
Trog was extremely pleased with you.
You visited 2 branches of the dungeon, and saw 17 of its levels.
You visited the Abyss 1 time.

You collected 1019 gold pieces.

Inventory:

Hand Weapons
 a - a +5 vampiric hand axe (weapon)
 b - a +1 flail of holy wrath
 F - a +1 antimagic broad axe
 O - a +0 vampiric double sword
 T - a +2 executioner's axe
Armour
 l - a +1 kite shield of positive energy (worn)
 t - a +0 pair of gloves (worn)
 x - a +0 hat (worn)
 N - a +0 pair of boots (worn)
 P - a +4 ring mail of positive energy (worn)
Jewellery
 y - an uncursed ring of protection from magic
 z - an amulet of regeneration (around neck)
 B - a ring of poison resistance (left hand)
 D - a ring of protection from cold (right hand)
 I - an uncursed ring of positive energy
 L - an uncursed ring of resist corrosion
 R - a +6 ring of strength {unknown}
 U - a +4 ring of evasion {unknown}
Wands
 q - a wand of iceblast (10)
 E - a wand of acid (11)
 H - a wand of digging (7)
 Q - a wand of polymorph (6)
Scrolls
 c - 8 scrolls of remove curse
 d - 4 scrolls of identify
 e - a scroll of random uselessness {unknown}
 j - 2 scrolls of noise {unknown}
 m - 5 scrolls of teleportation
 n - 6 scrolls of fear
 s - 2 scrolls of vulnerability {unknown}
 u - a scroll of blinking {unknown}
 w - 2 scrolls of enchant armour {unknown}
 G - 2 scrolls of magic mapping
 J - a scroll of fog {unknown}
 M - 2 scrolls of enchant weapon
 S - a scroll of holy word {unknown}
Potions
 g - a potion of lignification
 h - a potion of stabbing
 i - 5 potions of haste
 o - 4 potions of curing
 r - 3 potions of berserk rage
 v - 4 potions of flight
 K - a potion of invisibility
Books
 C - a manual of Slings


   Skills:
 + Level 13.5 Fighting
 - Level 17.4 Axes
 * Level 12.2 Armour
 - Level 2.1 Dodging
 + Level 14.5 Shields


You had 13 spell levels left.
You didn't know any spells.
Your spell library was empty.

Dungeon Overview and Level Annotations

Branches:
Dungeon (11/15)            Temple (0/1) D:6            Lair (6/6) D:8
 Shoals (0/4) Lair:3       Spider (0/4) Lair:4
  Slime: Lair:5-6       Orc: D:9-12

Altars:
Ashenzari
Cheibriados
Kikubaaqudgha
Makhleb
Okawaru
Qazlal
Ru
Sif Muna
Trog
Vehumet
Zin
The Shining One

Shops:
D:6 *   D:7 (

Annotations:
Lair:1 2 transporters, exclusion: 2 oklob plants, ultrashaft's ghost, journeyman DEIE


Innate Abilities, Weirdness & Mutations

You reflexively headbutt those who attack you in melee.
You have a pair of horns on your head.
You are frail. (-10% HP)


Message History

You completely miss the dire elephant.
You are engulfed in blazing flames.
You resist.
* * * LOW HITPOINT WARNING * * *
The polar bear is engulfed in blazing flames.
You block the dire elephant's attack. The dire elephant trunk-slaps you!
* * * LOW HITPOINT WARNING * * *
You hit the dire elephant but do no damage.
The dire elephant is almost dead.
Your surroundings suddenly seem different.
Found a potion of curing.
The dream sheep bleats!
The polar bear growls angrily.
The polar bear growls angrily.
The dream sheep shake their wool and sparkle.
You feel drowsy...
You fall asleep.
The dream sheep is engulfed in blazing flames.
The dream sheep bites you!!
You wake up.
* * * LOW HITPOINT WARNING * * *
The dream sheep bites you.
You die...

≈≈≈≈≈...........#.##
##≈##F.............##
#≈ #≈..............## y
≈≈...P...........##
≈≈.................#
..........#..##
..........#
...........#
≈≈.....<...Y@.####
.≈..≈.......hY..##.##
#≈##.........†....#.#
.≈≈≈≈.......Yh#.....#
≈≈≈!................. #
##§...#..††......###
##≈#.....††..†.###.##
≈≈≈≈≈.....†.†.#..#.P###
≈≈≈≈≈......h..##h.....#


You could see a dire elephant (inner flame), 2 polar bears and 2 dream sheep.

Vanquished Creatures
  A tentacled starspawn (Abyss:1)
  A boulder beetle (Lair:6)
  A hydra (Lair:6)
  2 two-headed ogres
  A merfolk avatar (Lair:6)
  A vampire mage (Abyss:1)
  4 death yaks (Lair:5)
  Sonja (Lair:6)
  A shadow wraith (Abyss:1)
  A wretched star (Abyss:1)
  A manticore (Lair:6)
  10 elephants
  A large abomination (Abyss:1)
  A merfolk siren (Lair:3)
  An orange demon (Abyss:1)
  3 black mambas (Lair:4)
  16 cane toads
  2 rime drakes (Lair:6)
  9 komodo dragons
  2 ancient zymes
  4 polar bears
  5 hornets
  8 blink frogs (Lair:6)
  A wind drake (Lair:6)
  2 dream sheep (Lair:6)
  A ynoxinul (Abyss:1)
  4 wyverns
  35 yaks
  Grum (D:8)
  A basilisk (Lair:2)
  A neqoxec (Abyss:1)
  8 water moccasins
  A black bear (Lair:4)
  6 ice beasts
  3 orc warriors
  A hornet zombie (D:10)
  A sky beast (D:10)
  3 phantoms
  A small abomination (Abyss:1)
  2 centaurs
  A necrophage (D:10)
  41 wolves
  5 ogres
  A big kobold (D:9)
  12 bullfrogs
  4 scorpions
  17 wights
  3 howler monkeys
  2 bullfrog zombies (D:9)
  8 hounds
  7 jellies
  3 quasits
  5 orc priests
  A starcursed mass (Abyss:1)
  6 orc wizards
  A bullfrog skeleton (D:5)
  Natasha (twice) (D:3)
  4 worker ants
  A killer bee zombie (D:9)
  2 hound zombies
  Robin (D:4)
  A worker ant zombie (D:10)
  3 gnolls (D:3)
  8 adders
  2 shadow imps (D:7)
  A white imp (D:10)
  4 ufetubi
  3 oozes
  An adder zombie (D:7)
  9 worms
  6 dart slugs
  7 leopard geckos
  46 orcs
  16 giant cockroaches
  14 goblins
  8 hobgoblins
  7 jackals
  4 quokkas
  10 bats
  3 frilled lizards
  A jackal skeleton (D:5)
  13 kobolds
  A quokka skeleton (D:8)
  5 rats
  2 starspawn tentacles (Abyss:1)
451 creatures vanquished.

Vanquished Creatures (collateral kills)
  Gastronok (D:9)
  A tentacled starspawn (Abyss:1)
  Harold (D:8)
  4 hydras
  A catoblepas (Lair:4)
  Urug (Lair:3)
  Nergalle (Lair:3)
  2 yaks (Lair:4)
  A basilisk (Lair:2)
  2 water moccasins
  A small abomination (Abyss:1)
  3 bullfrogs (Lair:3)
  A scorpion (Lair:4)
  An orc wizard (D:8)
  2 worker ants
  2 worms (Lair:4)
  A jackal (D:9)
  A starspawn tentacle (Abyss:1)
27 creatures vanquished.

Vanquished Creatures (others)
  25 fungi
  26 plants
  3 starspawn tentacles (Abyss:1)
54 creatures vanquished.

Grand Total: 532 creatures vanquished

Notes
Turn   | Place    | Note
-------+----------+-------------------------------------------
     0 | D:1      | BarneyGumball the Minotaur Berserker began the quest for
                  | the Orb.
     0 | D:1      | Reached XP level 1. HP: 19/19 MP: 0/0
    42 | D:1      | Reached skill level 4 in Axes
   207 | D:1      | Reached XP level 2. HP: 23/26 MP: 1/1
   731 | D:1      | Reached skill level 5 in Axes
   871 | D:1      | Reached XP level 3. HP: 31/31 MP: 2/2
   893 | D:1      | Reached ** piety under Trog
  1841 | D:2      | Found a stormy altar of Qazlal.
  2175 | D:3      | Reached XP level 4. HP: 39/39 MP: 3/3
  2192 | D:3      | Reached skill level 6 in Axes
  2366 | D:3      | Reached skill level 1 in Shields
  2502 | D:3      | Noticed Natasha
  2508 | D:3      | Killed Natasha
  2508 | D:3      | Reached XP level 5. HP: 39/45 MP: 4/4
  2512 | D:3      | Found a faded altar of an unknown god.
  2541 | D:3      | Noticed Natasha
  2553 | D:3      | Killed Natasha
  2709 | D:3      | Reached skill level 7 in Axes
  2872 | D:3      | Found a glowing golden altar of the Shining One.
  2878 | D:3      | Reached *** piety under Trog
  2966 | D:3      | Found a burning altar of Makhleb.
  3165 | D:4      | Noticed Robin
  3176 | D:4      | Killed Robin
  3411 | D:4      | Reached XP level 6. HP: 51/51 MP: 5/5
  3511 | D:4      | Reached skill level 8 in Axes
  3769 | D:4      | Found a radiant altar of Vehumet.
  3770 | D:4      | Found an ancient bone altar of Kikubaaqudgha.
  3770 | D:4      | Found a snail-covered altar of Cheibriados.
  3771 | D:4      | Found an iron altar of Okawaru.
  3919 | D:5      | Entered Level 5 of the Dungeon
  3929 | D:5      | Reached XP level 7. HP: 57/57 MP: 6/6
  3933 | D:5      | Reached **** piety under Trog
  3935 | D:5      | Reached skill level 9 in Axes
  4240 | D:5      | Reached skill level 5 in Shields
  4602 | D:5      | Found a sacrificial altar of Ru.
  4619 | D:5      | Reached skill level 10 in Axes
  4856 | D:6      | Reached XP level 8. HP: 64/64 MP: 7/7
  4912 | D:6      | Found a staircase to the Ecumenical Temple.
  4962 | D:6      | Found Baosegua's Assorted Antiques.
  5060 | D:6      | Reached ***** piety under Trog
  5099 | D:6      | Reached skill level 11 in Axes
  5604 | D:7      | Found Bucuiluc's Weapon Boutique.
  5949 | D:7      | Noticed a moth of wrath
  5952 | D:7      | Found a bloodstained altar of Trog.
  6037 | D:7      | Found a broken altar of Ashenzari.
  6184 | D:7      | Reached XP level 9. HP: 62/71 MP: 8/8
  6219 | D:7      | Found a shimmering blue altar of Sif Muna.
  6279 | D:7      | Reached skill level 12 in Axes
  6486 | D:8      | Noticed a two-headed ogre
  6495 | D:8      | Killed a two-headed ogre
  6495 | D:8      | Reached skill level 5 in Fighting
  6514 | D:8      | Noticed Grum
  6526 | D:8      | Killed Grum
  6526 | D:8      | Reached skill level 13 in Axes
  6545 | D:8      | Got a pitted leather armour
  6546 | D:8      | Identified the cursed +0 leather armour "Pouku" {rC+} (You
                  | found it on level 8 of the Dungeon)
  6611 | D:8      | Noticed Harold
  6623 | D:8      | Killed Harold
  6627 | D:8      | Reached XP level 10. HP: 84/84 MP: 9/9
  6769 | D:8      | Found a glowing silver altar of Zin.
  6878 | D:8      | Found a staircase to the Lair.
  7164 | D:9      | Noticed Gastronok
  7178 | D:9      | Reached skill level 14 in Axes
  7200 | D:9      | Killed Gastronok
  7200 | D:9      | Reached skill level 10 in Shields
  7257 | D:9      | Received a gift from Trog
  7289 | D:9      | Reached skill level 15 in Axes
  7452 | D:9      | Noticed a two-headed ogre
  7457 | D:9      | Killed a two-headed ogre
  7457 | D:9      | Reached XP level 11. HP: 95/95 MP: 10/10
  7561 | D:9      | Found a bloodstained altar of Trog.
  7777 | D:10     | Entered Level 10 of the Dungeon
  8608 | Lair:1   | Entered Level 1 of the Lair of Beasts
  8728 | Lair:1   | Found a transporter.
  8735 | Lair:1   | Noticed ultrashaft's ghost (journeyman DEIE)
  8780 | Lair:1   | Found a broken altar of Ashenzari.
  8936 | Lair:1   | Found a transporter.
  9226 | Lair:1   | Noticed an oklob plant
  9251 | Lair:1   | Noticed an oklob plant
  9679 | Lair:2   | Noticed an eight-headed hydra
  9694 | Lair:2   | Killed an eight-headed hydra
  9694 | Lair:2   | Reached skill level 16 in Axes
  9775 | Lair:2   | Reached skill level 10 in Fighting
  9994 | Lair:2   | Reached XP level 12. HP: 95/107 MP: 11/11
 10468 | Lair:3   | Noticed an eight-headed hydra
 10477 | Lair:3   | Killed an eight-headed hydra
 10477 | Lair:3   | Reached skill level 17 in Axes
 10643 | Lair:3   | Noticed a six-headed hydra
 10650 | Lair:3   | Noticed Urug
 10653 | Lair:3   | Noticed Nergalle
 10653 | Lair:3   | Killed a five-headed hydra
 10660 | Lair:3   | Killed Nergalle
 10666 | Lair:3   | Killed Urug
 10812 | Lair:3   | Found a staircase to the Shoals.
 11320 | Lair:4   | Found a hole to the Spider Nest.
 11320 | Lair:4   | Noticed a six-headed hydra
 11384 | Lair:4   | Killed a ten-headed hydra
 11491 | Lair:4   | Reached skill level 5 in Armour
 11636 | Lair:4   | Noticed a catoblepas
 11641 | Lair:4   | Killed a catoblepas
 12218 | Lair:5   | Noticed a death yak
 12218 | Lair:5   | Noticed a death yak
 12219 | Lair:5   | Noticed a death yak
 12219 | Lair:5   | Noticed a death yak
 12228 | Lair:5   | Killed a death yak
 12231 | Lair:5   | Killed a death yak
 12238 | Lair:5   | Killed a death yak
 12245 | Lair:5   | Killed a death yak
 12245 | Lair:5   | Reached XP level 13. HP: 117/117 MP: 12/12
 12361 | Lair:5   | Received a gift from Trog
 12482 | Lair:5   | You fall into a shaft and drop 1 floor!
 12482 | Lair:6   | Entered Level 6 of the Lair of Beasts
 12542 | Lair:6   | Noticed Sonja
 12554 | Lair:6   | Cast into level 1 of the Abyss (Sonja)
 12699 | Abyss:1  | Noticed a tentacled starspawn
 12704 | Abyss:1  | Noticed a tentacled starspawn
 12710 | Abyss:1  | Killed a tentacled starspawn
 12712 | Abyss:1  | Killed a tentacled starspawn
 12712 | Abyss:1  | Reached skill level 10 in Armour
 12736 | Abyss:1  | Found a corrupted altar of Lugonu.
 12801 | Abyss:1  | Gained mutation: You are frail. (-10% HP) [a neqoxec]
 12874 | Abyss:1  | Noticed a starcursed mass
 12888 | Abyss:1  | Noticed a tentacled starspawn
 12900 | Lair:6   | Escaped the Abyss
 12911 | Lair:6   | Killed Sonja
 13078 | Lair:6   | Noticed a dire elephant
 13107 | Lair:6   | Reached XP level 14. HP: 47/116 MP: 13/13
 13134 | Lair:6   | HP: 2/116 [dream sheep (21)]
 13134 | Lair:6   | Slain by a dream sheep

Illustrated notes

Levels and vault maps discovered:
D:1:      enne_arrival_octagon_isle, layout_loops_ring, hangedman_decor_push,
          minmay_pentomino_w2
D:2:      layout_loops_ring, old_standard_altar
D:3:      minmay_roachtagon, layout_rooms, nicolae_tso_carved_into_rock,
          chequers_ecumenical_altar_island, palyth_stone_intersect,
          makhleb_blood_cavern_becter, uniq_natasha
D:4:      layout_rooms, chequers_temple_overflow_statue_of_worship, uniq_robin
D:5:      layout_basic, minmay_strange_pillars, nicolae_ru_sacrificial_ziggurat
D:6:      layout_gridville, minmay_temple_entry_stoned_glass, serial_shops,
          shop, minmay_statues_item, minmay_manual_monstrance
D:7:      layout_loops_corners, lemuel_blue_sif_altar,
          cheibrodos_ashenzari_chains, serial_shops, shop, tgw_trog
D:8:      layout_gridville, lemuel_coloured_pillars_altar, dpeg_oklobed_lair,
          minmay_fractal_squares_diagonal_5, uniq_grum, uniq_harold
D:9:      layout_cave_pools, kennysheep_little_box, uniq_gastronok
D:10:     layout_roguey
D:11:     layout_cave_pods, hiddenorc2_lemuel
Lair:1:   layout_gridlike, gammafunk_ghost_berserking_beasts, basic_altar,
          minmay_lair_oklob_chamber
Lair:2:   layout_chaotic_city, serial_bayou_pond_d,
          grunt_forest_large_clearings, lemuel_fruit_fields
Lair:3:   layout_cave_shapes, minmay_shoals_entry_lonely_mermaid, uniq_nergalle,
          uniq_urug
Lair:4:   layout_loops_ring, nicolae_spider_entry_non_spiders, lemuel_fruit_tree
Lair:5:   layout_gridlike
Lair:6:   gammafunk_lair_ancient_temple, layout_cave_shapes,
          nicolae_slime_entry_slimehenge, uniq_sonja

Skill      XL: |  1  2  3  4  5  6  7  8  9 10 11 12 13 14 |
---------------+-------------------------------------------+-----
Axes           | 4 5 6 7 8 10 11 13 15 16 17 | 17.4
Shields        | 1 3 4 5 7 9 10 11 13 14 | 14.5
Fighting       | 4 6 8 10 11 13 | 13.5
Armour         | 7 11 12 | 12.2
Dodging        | |  2.1

Action                   |  1- 3 |  4- 6 |  7- 9 | 10-12 | 13-15 || total
-------------------------+-------+-------+-------+-------+-------++-------
Melee: Hand axe          |    77 |   156 |   217 |   562 |   242 ||  1254
       Headbutt          |    12 |    25 |    51 |   116 |    85 ||   289
       War axe           |       |    11 |    35 |       |       ||    46
       Flail             |       |       |       |     3 |       ||     3
Invok: Berserk           |       |     2 |     4 |     7 |     3 ||    16
       Brothers in Arms  |       |       |     2 |     8 |     4 ||    14
  Use: Scroll            |       |       |    18 |       |     6 ||    24
       Potion            |       |       |       |       |    11 ||    11
Armor: Animal skin       |    11 |       |       |       |       ||    11
       Chain mail        |     8 |    81 |    77 |    98 |       ||   264
       Skin              |       |     1 |       |       |       ||     1
       Ring mail         |       |       |       |    17 |    69 ||    86
Dodge: Dodged            |    51 |    28 |    45 |   130 |    55 ||   309
Block: Kite shield       |     3 |    69 |    86 |   242 |   131 ||   531
       Tower shield      |       |       |       |     7 |       ||     7

Table legend: (Time is in decaauts)
 A = Elapsed time spent in this place.
 B = Non-inter-level travel time spent in this place.
 C = Inter-level travel time spent in this place.
 D = Time resting spent in this place.
 E = Time spent auto-exploring this place.
 F = Levels seen in this place.
 G = Mean time per level.
                   A        B        C        D        E       F      G
               +--------+--------+--------+--------+--------+-----+--------+
         Total |  12927 |  12348 |    579 |    424 |   9640 |  18 |  718.2 |
       Dungeon |   8572 |   8201 |    371 |    206 |   6717 |  11 |  779.3 |
          Lair |   4038 |   3830 |    208 |    197 |   2922 |   6 |  673.0 |
         Abyss |    316 |    316 |      0 |     21 |      0 |   1 |  316.0 |
               +--------+--------+--------+--------+--------+-----+--------+

Top non-repeatable levels by time:
     D:1: 1182 daAuts
     D:7: 1050 daAuts
  Lair:3: 998 daAuts
     D:2: 991 daAuts
     D:3: 960 daAuts
     D:5: 931 daAuts
  Lair:1: 854 daAuts
  Lair:2: 840 daAuts
     D:4: 805 daAuts
    D:10: 773 daAuts
     D:8: 683 daAuts
  Lair:4: 663 daAuts
     D:9: 611 daAuts
     D:6: 581 daAuts
  Lair:5: 400 daAuts
